 Dungeon Crawl Stone Soup version 0.13-a0-2446-g1848915 (webtiles) character file.

368 Rycklaryybbe the Sneak (level 5, -2/35 HPs)
             Began as a Vampire Necromancer on July 17, 2013.
             Slain by an iguana (12 damage)
             ... on Level 4 of the Dungeon.
             The game lasted 00:11:29 (2787 turns).

Rycklaryybbe the Sneak (Vampire Necromancer)        Turns: 2787, Time: 00:11:30

HP  -2/35        AC  3     Str  7      XL: 5   Next: 59%
MP   0/9         EV 12     Int 18      God:
Gold 155         SH  0     Dex 14      Spells:  3 memorised,  0 levels left

Res.Fire  : . . .   See Invis. : +   i - +0 orc dagger
Res.Cold  : . . .   Warding    : .   w - +0 robe (curse)
Life Prot.: . . .   Conserve   : .   (no shield)
Res.Poison: .       Res.Corr.  : .   c - +0 orc helmet
Res.Elec. : .       Clarity    : .   n - -1 orc cloak
Sust.Abil.: . .     Spirit.Shd : .   (no gloves)
Res.Mut.  : .       Stasis     : .   m - -1 pair of boots
Res.Rott. : .       Flight     : .   (no amulet)
Saprovore : . . .                    (no ring)
                                     (no ring)

@: regenerating quickly, slightly resistant to hostile enchantments, very
stealthy
A: fangs 3, see invisible, unbreathing
a: no special abilities


You were on level 4 of the Dungeon.
You were very full.

You visited 1 branch of the dungeon, and saw 4 of its levels.

You collected 135 gold pieces.

Inventory:

Hand weapons
 i - a +0,+0 orcish dagger (weapon)
Missiles
 x - a throwing net (quivered)
Armour
 a - a +0 robe
 c - a +0 orcish helmet (worn)
 f - a +1 shield
 j - a +0 robe
 m - a -1 pair of boots (worn)
 n - a -1 orcish cloak (worn)
 w - a cursed +0 robe (worn)
Magical devices
 t - a wand of polymorph (15) {unknown}
Scrolls
 d - a scroll of enchant weapon II
 e - a scroll of magic mapping {unknown}
 g - 2 scrolls of remove curse
 h - a scroll of recharging {unknown}
 l - a scroll of random uselessness {unknown}
 o - 2 scrolls of blinking {unknown}
 q - 4 scrolls of identify {unknown}
 r - a scroll of teleportation {unknown}
 s - 2 scrolls of amnesia {unknown}
Jewellery
 u - an uncursed ring of ice {unknown}
Potions
 k - 2 potions of heal wounds {unknown}
 p - a potion of poison {unknown}
 v - a potion of curing {unknown}
Books
 b - a book of Necromancy

   Spells                             Type                      Level
   *Pain                              Necromancy                   1
   Animate Skeleton                   Necromancy                   1
   *Lethal Infusion                   Charms/Necromancy            2
   *Vampiric Draining                 Necromancy                   3
   Regeneration                       Charms/Necromancy            3
   Animate Dead                       Necromancy                   4
   Control Undead                     Necromancy                   4


   Skills:
 - Level 2.1 Dodging
 + Level 6.9 Stealth
 - Level 1.0 Spellcasting
 + Level 6.2 Necromancy


You couldn't memorise any spells.
You knew the following spells:

 Your Spells              Type           Power        Failure   Level  Hunger
a - Pain                  Necr           ###.         1%          1    ##.....
b - Lethal Infusion       Chrm/Necr      ##........   12%         2    ###....
z - Vampiric Draining     Necr           ###.......   6%          3    ####...


Dungeon Overview and Level Annotations

Branches:
Dungeon (4/27)
 Temple: D:4-7

Altars:
Vehumet
Yredelemnul
Zin


Innate Abilities, Weirdness & Mutations

Your natural rate of healing is unusually fast.
You have razor-sharp teeth.*
You have supernaturally acute eyesight.
You can survive without breathing.*


Message History

Press: ? - help, Shift-Dir - straight line, f - iguana
Aim: an iguana The iguana is heavily wounded.
You feel life coursing into your body.
The iguana hisses menacingly.
The iguana barely misses you.
Casting: Vampiric Draining
Confirm with . or Enter, or press ? or * to list all spells.
You don't have enough magic to cast that spell.
You hit the iguana.
The iguana is severely wounded.
The iguana bites you.
You hit the iguana.
The iguana is severely wounded.
The iguana bites you!
* * * LOW HITPOINT WARNING * * *
You hit the iguana but do no damage.
The iguana is severely wounded.
The iguana bites you!
You die...

...###.......#####.......#
.......#####....##.......#
....##+#%.%#+##..........#
..### #...# ###........#
.##%# #...# #.##.......#
.'..# #...# #$l'.......##
.##)# #..^# #.##.........
..### #...# ###l.########
#...####...####.@.##
###....##%##....###
####.......#### #########


You could see an iguana.

Vanquished Creatures
  A giant frog (D:4)
  A centaur skeleton (D:4)
  A jelly (D:4)
  6 adders
  4 worms
  2 giant geckos
  3 oozes
  2 orcs
  8 goblins
  5 hobgoblins
  5 jackals
  7 kobolds
  4 ball pythons
  11 bats
  4 giant cockroaches (D:1)
  9 giant newts
  5 rats
78 creatures vanquished.

Vanquished Creatures (others)
  A giant cockroach (D:2)
1 creature vanquished.

Grand Total: 79 creatures vanquished

Notes
Turn   | Place    | Note
--------------------------------------------------------------
     0 | D:1      | Rycklaryybbe, the Vampire Necromancer, began the quest for the Orb.
     0 | D:1      | Reached XP level 1. HP: 13/13 MP: 4/4
   245 | D:1      | Reached XP level 2. HP: 14/19 MP: 3/5
   795 | D:2      | Found a glowing silver altar of Zin.
   801 | D:2      | Found a radiant altar of Vehumet.
   938 | D:2      | Reached XP level 3. HP: 17/24 MP: 6/6
   949 | D:2      | Learned a level 3 spell: Vampiric Draining
  1018 | D:2      | Reached skill level 5 in Necromancy
  1092 | D:2      | Reached skill level 5 in Stealth
  1403 | D:2      | Reached XP level 4. HP: 15/30 MP: 1/8
  1521 | D:2      | Found a basalt altar of Yredelemnul.
  2347 | D:3      | Reached skill level 6 in Stealth
  2691 | D:4      | Reached XP level 5. HP: 35/35 MP: 9/9
  2708 | D:4      | Learned a level 2 spell: Lethal Infusion
  2710 | D:4      | Noticed a giant frog
  2727 | D:4      | Killed a giant frog
  2787 | D:4      | Slain by an iguana

Action                   |  1- 3 |  4- 6 || total
-------------------------+-------+-------++-------
Melee: Unarmed           |     9 |       ||     9
       Dagger            |   135 |   149 ||   284
 Cast: Pain              |    12 |     1 ||    13
       Vampiric Draining |     5 |    12 ||    17
       Lethal Infusion   |       |     1 ||     1
  Use: Scroll            |       |     2 ||     2
 Stab: Sleeping          |     8 |     4 ||    12
       Distracted        |     1 |       ||     1
